 Dungeon Crawl Stone Soup version 0.32-a0-361-g289a535e89 (webtiles) character file.

Game seed: 9102274092070679910

98 shadowstone the Cudgeller (level 4, -14/27 HPs)
             Began as a Gargoyle Reaver on Nov 11, 2023.
             Was an Initiate of the Shining One.
             Demolished by an ogre
             ... wielding a +0 giant club
              (26 damage)
             ... on level 3 of the Dungeon on Feb 18, 2024.
             The game lasted 00:11:13 (2448 turns).

shadowstone the Cudgeller (Gargoyle Reaver)         Turns: 2448, Time: 00:11:13

Health: -14/27     AC: 12    Str: 16    XL:     4   Next: 69%
Magic:  7/7        EV: 10    Int: 16    God:    the Shining One [......]
Gold:   143        SH:  0    Dex:  8    Spells: 6/7 levels left

rFire   + . .        e - +1 whip (flame)
rCold   . . .        (no shield)
rNeg    + + .        g - +2 ring mail of Zusunwau {rF+ rN+ Str-2 Int+3}
rPois   ∞            q - +1 hat
rElec   +            (no cloak)
rCorr   .            d - +0 pair of gloves
SInv    .            (no boots)
Will    .....        k - amulet of the acrobat Stlth
                     (no ring)
HPRegen 0.24/turn    (no ring)
MPRegen 0.10/turn

%: acrobat
@: glowing, studying Axes
A: sickness immunity, AC +3, negative energy resistance 1, electricity
resistance, torment resistance 1, petrification resistance
a: Renounce Religion


You were on level 3 of the Dungeon.
You worshipped the Shining One.
The Shining One was noncommittal.
You visited 1 branch of the dungeon, and saw 3 of its levels.

You collected 143 gold pieces.

Inventory:

Hand Weapons
 a - a +0 mace
 e - a +1 whip of flaming (weapon)
Missiles
 f - 5 javelins
 m - 3 poisoned darts
Armour
 b - a +0 leather armour
 d - a +0 pair of gloves (worn)
 g - the +2 ring mail of Zusunwau (worn) {rF+ rN+ Str-2 Int+3}
   (You found it on level 2 of the Dungeon)

   Str-2:     It affects your strength (-2).
   Int+3:     It affects your intelligence (+3).
   rF+:       It protects you from fire.
   rN+:       It protects you from negative energy.
 q - a +1 hat (worn)
Jewellery
 k - an amulet of the acrobat (around neck)
Talismans
 i - a beast talisman
Scrolls
 h - a scroll of enchant weapon {unknown}
 j - 3 scrolls of identify {unknown}
 o - a scroll of torment {unknown}
 p - a scroll of silence {unknown}
Potions
 c - a potion of might {unknown}
 l - a potion of attraction {unknown}
 n - a potion of lignification {unknown}


   Skills:
 + Level 2.3 Fighting
 + Level 4.1 Maces & Flails
 + Level 1.3 Armour
 + Level 2.1 Dodging
 + Level 2.1 Spellcasting
 + Level 3.8 Conjurations


You had 6 spell levels left.
You knew the following spells:

 Your Spells              Type           Power      Damage    Failure   Level
a - Kiss of Death         Conj/Necr      28%        2d7       19%         1

Your spell library contained the following spells:

 Spells                   Type           Power      Damage    Failure   Level
 Sting                    Conj/Alch      28%        1d4       19%         1
 Momentum Strike          Conj/Tloc      14%        3d8       26%         2
 Apportation              Tloc           2%         N/A       36%         1
 Freeze                   Ice            4%         1d3       36%         1
 Necrotise                Necr           4%         1d4       36%         1
 Summon Small Mammal      Summ           4%         N/A       36%         1
 Hailstorm                Conj/Ice       7%         3d5       47%         3
 Stone Arrow              Conj/Erth      14%        3d7       47%         3
 Jinxbite                 Hex            2%         N/A       52%         2
 Mercury Vapours          Alch/Air       2%         N/A       52%         2
 Mephitic Cloud           Conj/Alch/Air  5%         N/A       56%         3
 Frozen Ramparts          Ice            2%         1d1       75%         3
 Animate Armour           Summ/Erth      2%         N/A       98%         4
 Ignite Poison            Fire/Alch      1%         N/A       98%         4
 Alistair's Intoxication  Alch           0%         N/A       100%        5
 Freezing Cloud           Conj/Ice/Air   2%         6-21      100%        5
 Lehudib's Crystal Spear  Conj/Erth      3%         10d3      100%        8
 Cigotuvi's Dreadful Rot  Necr/Alch/Air  Unusable   N/A       N/A         2

Dungeon Overview and Level Annotations

Branches:
Dungeon (3/15)

Altars:
Cheibriados
Elyvilon
Ru
Zin
The Shining One


Innate Abilities, Weirdness & Mutations

You are immune to sickness and miasma.
Your stone body is resilient. (AC +3)
You are immune to poison.
You resist negative energy. (rN+)
You are resistant to electric shocks. (rElec)
You are resistant to unholy torment.
You are immune to petrification.


Message History

The ribbon worm expels a string of sticky webbing.
The stream of webbing hits you but does no damage.
You are caught in a web!
The ribbon worm barely misses you.
Your unstable footing causes you to fumble your attack.
Your unstable footing causes you to fumble your attack.
The ribbon worm bites you but does no damage.
You hit the ribbon worm. You burn the ribbon worm.
The ribbon worm is heavily wounded.
The ribbon worm barely misses you.
You hit the ribbon worm. You burn the ribbon worm.
The ribbon worm is almost dead.
The ribbon worm bites you but does no damage.
You hit the ribbon worm. You burn the ribbon worm.
You kill the ribbon worm!
You see here a ribbon worm corpse.
There is a snail-covered altar of Cheibriados here.
There is a snail-covered altar of Cheibriados here.
There is a snail-covered altar of Cheibriados here.
You see here a ribbon worm corpse.
You enter the shallow water.
Moving in this stuff is going to be slow.
An ogre comes into view. It is wielding a +0 giant club.
The ogre moves out of view.
There is an open door here.
The ogre barely misses you.
You hit the ogre but do no damage. You hit the ogre but do no damage.
The ogre hits you with a +0 giant club.
You hit the ogre. You burn the ogre.
The ogre is lightly wounded.
You hit the ogre but do no damage.
The ogre is lightly wounded.
The ogre hits you with a +0 giant club!
You barely miss the ogre.
The ogre is lightly wounded.
You hit the ogre. You burn the ogre.
The ogre is moderately wounded.
The ogre hits you with a +0 giant club!!
Ouch! That really hurt!
You die...

......[.....#~~~#~#~~~#...#
#.>.........##~##†##~##...#
.............#~#._.#~#....#
..##........##~##.##~##...#
............#~~~###~~~#...#
............#~~~~~~~~~#..##
#..####.###.#⌠~~#'#~~⌠#..# ######
..........#.#####.#####.## #....#
...#####..#....O@.......####....#
.................................
...###......#....###########....#
...# #......#.##.### #..........#
...# #......#.##...# #..........#
...###......#.####.###..........#
............#.# #......).....####
...###......#.# #............####
............#.###.....######.....


You could see an ogre.

Vanquished Creatures
  2 adders
  2 ribbon worms
  5 dart slugs
  4 ball pythons
  4 bats
  9 endoplasms
  2 giant cockroaches
  2 goblins
  3 hobgoblins
  A jackal (D:2)
  2 kobolds (D:1)
  A quokka (D:3)
  4 frilled lizards
  5 rats
46 creatures vanquished.

Notes
Turn   | Place    | Note
-------+----------+-------------------------------------------
     0 | D:1      | shadowstone the Gargoyle Reaver began the quest for the
                  | Orb.
     0 | D:1      | Reached XP level 1. HP: 12/12 MP: 3/3
   203 | D:1      | Reached XP level 2. HP: 17/17 MP: 5/5
   690 | D:1      | Reached XP level 3. HP: 18/21 MP: 6/6
  1105 | D:1      | Upgraded the game from 0.31-a0-986-g5e6e4ef867 to
                  | 0.32-a0-290-g598725c5f2
  1379 | D:2      | Identified the +2 ring mail of Zusunwau {rF+ rN+ Str-2
                  | Int+3}
  1440 | D:2      | Reached skill level 1 in Armour
  1462 | D:2      | Upgraded the game from 0.32-a0-290-g598725c5f2 to
                  | 0.32-a0-361-g289a535e89
  1530 | D:2      | Reached XP level 4. HP: 24/26 MP: 7/7
  1952 | D:3      | Found a glowing silver altar of Zin.
  1955 | D:3      | Found a white marble altar of Elyvilon.
  1955 | D:3      | Found a glowing golden altar of the Shining One.
  1956 | D:3      | Found a sacrificial altar of Ru.
  1970 | D:3      | Reached skill level 4 in Maces & Flails
  1990 | D:3      | Became a worshipper of the Shining One
  2384 | D:3      | Found a snail-covered altar of Cheibriados.
  2433 | D:3      | Noticed an ogre
  2448 | D:3      | Demolished by an ogre

Illustrated notes

Levels and vault maps discovered:
D:1:      beargit_arrival_diablo_church, layout_basic
D:2:      minmay_angry_zag, layout_rooms
D:3:      layout_basic, cheibrodos_worm_habitat,
          chequers_temple_overflow_statue_of_worship

Skill      XL: |  1  2  3  4 |
---------------+-------------+-----
Armour         | 1 |  1.3
Dodging        | 2 |  2.1
Maces & Flails | 4 |  4.1
Fighting       | |  2.3
Spellcasting   | |  2.1
Conjurations   | |  3.8

Action                     |  1- 3 |  4- 6 || total
---------------------------+-------+-------++-------
  Melee: Mace              |    41 |       ||    41
         Whip              |    30 |    60 ||    90
 Armour: Leather armour    |    51 |       ||    51
         Ring mail         |     9 |    25 ||    34
  Dodge: Dodged            |    55 |    29 ||    84

Table legend: (Time is in decaauts)
 A = Elapsed time spent in this place.
 B = Non-inter-level travel time spent in this place.
 C = Inter-level travel time spent in this place.
 D = Time resting spent in this place.
 E = Time spent auto-exploring this place.
 F = Levels seen in this place.
 G = Mean time per level.
                   A        B        C        D        E       F      G
               +--------+--------+--------+--------+--------+-----+--------+
         Total |   2472 |   2446 |     26 |     11 |    618 |   3 |  824.0 |
       Dungeon |   2472 |   2446 |     26 |     11 |    618 |   3 |  824.0 |
               +--------+--------+--------+--------+--------+-----+--------+

Top non-repeatable levels by time:
     D:1: 1354 daAuts
     D:3: 622 daAuts
     D:2: 495 daAuts
